 Dungeon Crawl Stone Soup version 0.30-a0-779-g7971cf19c3 (webtiles) character file.

Game seed: 12639586486162069223

3546 jasper the Adept (level 9, -2/68 HPs)
             Began as a Demonspawn Venom Mage on Feb 17, 2023.
             Was a Believer of Sif Muna.
             Slain by Erica
             ... wielding a +2 scimitar of flaming
              (16 damage)
             ... on level 9 of the Dungeon.
             The game lasted 00:24:30 (7778 turns).

jasper the Adept (Demonspawn Venom Mage)            Turns: 7778, Time: 00:24:31

Health: -2/68      AC:  7    Str:  8    XL:     9   Next: 83%
Magic:  0/18       EV: 14    Int: 25    God:    Sif Muna [**....]
Gold:   421        SH:  0    Dex: 14    Spells: 6/20 levels left

rFire   . . .      SeeInvis .    n - +2 trident (venom)
rCold   . . .      Faith    .    (no shield)
rNeg    . . .      Spirit   +    u - +0 steam dragon scales
rPois   .          Reflect  .    (no helmet)
rElec   .          Harm     .    (no cloak)
rCorr   .          Rampage  .    (no gloves)
Will    .....                    q - +1 pair of boots
Stlth   ++                       (no amulet)
HPRegen 0.31/turn                (no ring)
MPRegen 0.32/turn                (no ring)

@: no status effects
A: magic shield, magic regeneration, big brain 2, demonic touch 1
a: Renounce Religion, Channel Magic


You were on level 9 of the Dungeon.
You worshipped Sif Muna.
Sif Muna was pleased with you.
You visited 2 branches of the dungeon, and saw 10 of its levels.

You collected 422 gold pieces.
You spent 1 gold pieces at shops.

Inventory:

Hand Weapons
 c - a +4 dagger
 n - a +2 trident of venom (weapon)
 p - the +10 flail "Xeps" {heavy, *Rage rPois rC+ Int+3}
   (You found it on level 9 of the Dungeon)

   Int:       It affects your intelligence (+3).
   rC:        It protects you from cold.
   rPois:     It protects you from poison.
   *Rage:     It berserks you when you make melee attacks (+20% chance).
 D - a -3 quick blade
Missiles
 h - 58 stones
 j - 8 javelins
 y - 4 boomerangs
Armour
 a - a +0 robe
 q - a +1 pair of boots (worn)
 u - +0 steam dragon scales (worn)
 A - a +0 leather armour of cold resistance
 G - a +0 troll leather armour
Magical Staves
 k - a staff of death
 x - a staff of earth
Jewellery
 z - a ring of ice
 F - an amulet of regeneration
Wands
 l - a wand of quicksilver (1)
 B - a wand of iceblast (9)
Scrolls
 o - 2 scrolls of silence
 r - a scroll of fog
 w - a scroll of poison
 C - 3 scrolls of teleportation
 E - a scroll of amnesia
Potions
 b - 2 potions of magic
 d - 3 potions of mutation
 e - 2 potions of heal wounds
 f - a potion of brilliance
 g - a potion of flight
 i - a potion of cancellation
 m - 2 potions of might
 s - a potion of resistance
 t - a potion of attraction {unknown}
 v - a potion of lignification {unknown}


   Skills:
 + Level 5.6 Fighting
 + Level 5.5 Dodging
 - Level 1.7 Stealth
 + Level 6.0 Spellcasting
 - Level 3.0 Conjurations
 - Level 2.0 Transmutations
 - Level 3.9 Air Magic
 - Level 5.9 Poison Magic
 + Level 7.0 Invocations


You had 6 spell levels left.
You knew the following spells:

 Your Spells              Type           Power      Damage    Failure   Level
a - Sting                 Tmut/Pois      100%       1d8       1%          1
b - Mephitic Cloud        Conj/Pois/Air  29%        N/A       3%          3
c - Swiftness             Air            27%        N/A       4%          3
d - Shock                 Conj/Air       100%       1d9       1%          1
e - Olgreb's Toxic Radia  Pois           37%        N/A       6%          4
f - Passwall              Tmut/Erth      10%        N/A       8%          2

Your spell library contained the following spells:

 Spells                   Type           Power      Damage    Failure   Level
 Poisonous Vapours        Pois/Air       64%        N/A       1%          2
 Ensorcelled Hibernation  Hex/Ice        14%        N/A       11%         2
 Airstrike                Air            13%        2d(2-18)  14%         4


Dungeon Overview and Level Annotations

Branches:
Dungeon (9/15)             Temple (1/1) D:4
   Lair: D:8-11         Orc: D:9-12

Altars:
Cheibriados
Dithmenos
Fedhas
Gozag
Hepliaklqana
Kikubaaqudgha
Makhleb
Okawaru
Qazlal
Ru
Sif Muna
Trog
Uskayaw
Vehumet
Wu Jian
Xom
Yredelemnul
Lugonu

Shops:
D:8 *

Annotations:
D:5 exclusion: necrophage
D:6 5 runed translucent doors, Menkaure
D:9 Erica


Innate Abilities, Weirdness & Mutations

When hurt, damage is shared between your health and your magic reserves.
You regenerate magic rapidly.
You have an extremely huge brain. (Int +4)
Your touch may inflict minor irresistible damage on your foes.


Message History

Erica is moderately wounded.
You feel sick. Erica closely misses you.
You take 2 damage, and have 56/68 hp.
You completely miss Erica. Your touch misses Erica.
Erica is moderately wounded.
You feel sick.
Erica hits you with a +2 scimitar of flaming.
Erica burns you.
You take 1 damage, and have 55/68 hp.
You now have 11/18 mp.
You hit Erica.
Erica looks even sicker.
You touch Erica!
Erica is heavily wounded.
You feel sick. Erica closely misses you.
You take 1 damage, and have 54/68 hp.
You barely miss Erica. Your touch misses Erica.
Erica is severely wounded.
You feel sick.
You are no longer poisoned.
Erica hits you but does no damage.
Erica hits you with a +2 scimitar of flaming!
Erica burns you.
You take 14 damage, and have 40/68 hp.
MASSIVE DAMAGE!!
You now have 9/18 mp.
You barely miss Erica.
Erica is severely wounded.
A centaur comes into view.
Erica gestures at you while chanting. The lance of force hits you!
You take 10 damage, and have 30/68 hp.
You now have 6/18 mp.
The centaur shouts!
You hit Erica. Your touch misses Erica.
Erica is severely wounded.
The centaur wields a +0 shortbow.
The centaur shoots an arrow.
The arrow hits you.
Erica hits you with a +2 scimitar of flaming!
Erica burns you.
* * * LOW HITPOINT WARNING * * *
The centaur shoots an arrow.
The arrow hits you.
* * * LOW HITPOINT WARNING * * *
You take 16 damage, and have 14/68 hp.
MASSIVE DAMAGE!!
You now have 4/18 mp.
Erica hits you with a +2 scimitar of flaming!!
You die...

#. .. ##.....## # #.#.#
#.......# # #
#.#.######c##.##.#
#.#.##.#.#.........##.#
..............#.#####.#
.........#.##.#.#####.#
###.##....#.....).#
#...@...#####...###
#...@.....#.....>.#
#..))...........>.###
#..)).)..)...........
##..#...####....####.
#.)#...# #....#
#......####.####
##.######..)..# #.#
#.....# #.# #.....#


You could see Erica (very poisoned) and a centaur.

Vanquished Creatures
  A troll (D:9)
  A hornet (D:9)
  A wyvern (D:7)
  A wraith (D:8)
  2 steam dragons
  Duvessa (D:4)
  A water moccasin (D:6)
  2 sky beasts
  An orc warrior (D:8)
  4 black bears
  A centaur (D:6)
  2 kobold brigands (D:7)
  2 bullfrogs
  A gnoll sergeant (D:9)
  3 wights
  Dowan (D:4)
  9 killer bees
  A howler monkey (D:7)
  A jelly (D:7)
  A gnoll bouda (D:7)
  3 orc priests (D:6)
  4 iguanas
  7 orc wizards
  11 gnolls
  7 adders
  2 white imps
  An ufetubus (D:6)
  6 worms
  A dart slug (D:2)
  17 orcs
  4 endoplasms
  A giant cockroach (D:2)
  6 goblins
  8 hobgoblins
  4 ball pythons
  5 bats
  3 frilled lizards
  11 kobolds
  A rat (D:3)
139 creatures vanquished.

Notes
Turn   | Place    | Note
-------+----------+-------------------------------------------
     0 | D:1      | jasper the Demonspawn Venom Mage began the quest for the
                  | Orb.
     0 | D:1      | Reached XP level 1. HP: 13/13 MP: 3/3
    47 | D:1      | Reached skill level 1 in Transmutations
   319 | D:1      | Gained mutation: Your touch may inflict minor irresistible
                  | damage on your foes. [demonic ancestry]
   319 | D:1      | Reached XP level 2. HP: 19/19 MP: 1/5
   551 | D:1      | Found a faded altar of an unknown god.
  1106 | D:2      | Gained mutation: You regenerate magic rapidly. [demonic
                  | ancestry]
  1106 | D:2      | Reached XP level 3. HP: 14/24 MP: 0/6
  1113 | D:2      | Learned a level 3 spell: Mephitic Cloud
  1967 | D:3      | Reached skill level 1 in Conjurations
  2023 | D:3      | Gained mutation: You have an unusually large brain. (Int
                  | +2) [demonic ancestry]
  2023 | D:3      | Reached XP level 4. HP: 29/30 MP: 2/7
  2095 | D:3      | Reached skill level 1 in Air Magic
  2622 | D:4      | Found a snail-covered altar of Cheibriados.
  2626 | D:4      | Found an ancient bone altar of Kikubaaqudgha.
  2630 | D:4      | Found a shadowy altar of Dithmenos.
  2641 | D:4      | Found a staircase to the Ecumenical Temple.
  2650 | Temple   | Entered the Ecumenical Temple
  2682 | Temple   | Became a worshipper of Sif Muna the Loreminder
  2716 | D:4      | Noticed Duvessa
  2718 | D:4      | Noticed Dowan
  2727 | D:4      | Killed Duvessa
  2728 | D:4      | Reached XP level 5. HP: 14/35 MP: 4/8
  2731 | D:4      | Killed Dowan
  2872 | D:4      | Gained mutation: When hurt, damage is shared between your
                  | health and your magic reserves. [demonic ancestry]
  2872 | D:4      | Reached XP level 6. HP: 13/41 MP: 2/9
  2878 | D:4      | Reached skill level 5 in Poison Magic
  2973 | D:4      | Found a sacrificial altar of Ru.
  3265 | D:4      | Found a radiant altar of Vehumet.
  3504 | D:4      | Learned a level 3 spell: Swiftness
  3768 | D:5      | Entered Level 5 of the Dungeon
  3870 | D:5      | Reached XP level 7. HP: 42/46 MP: 7/10
  4062 | D:6      | Found a runed translucent gate.
  4063 | D:6      | Found a runed translucent gate.
  4064 | D:6      | Found a runed translucent door.
  4068 | D:6      | Found the +9 staff of Olgreb {rPois∞}
  4069 | D:6      | Noticed Menkaure
  4073 | D:6      | Learned a level 1 spell: Shock
  4086 | D:6      | Found a runed translucent gate.
  4088 | D:6      | Noticed a redback
  4088 | D:6      | Noticed a redback
  4088 | D:6      | Noticed a redback
  4088 | D:6      | Noticed a redback
  4117 | D:6      | Found a runed translucent door.
  4132 | D:6      | Reached skill level 1 in Fighting
  4350 | D:6      | Reached * piety under Sif Muna
  4391 | D:6      | Reached skill level 1 in Invocations
  4391 | D:6      | Gained mutation: You have an extremely huge brain. (Int +4)
                  | [demonic ancestry]
  4391 | D:6      | Reached XP level 8. HP: 25/56 MP: 6/13
  4557 | D:6      | Learned a level 4 spell: Olgreb's Toxic Radiance
  4565 | D:7      | Reached skill level 2 in Invocations
  4827 | D:6      | Found a shimmering altar of Xom.
  5034 | D:7      | Reached skill level 3 in Invocations
  5441 | D:7      | Reached skill level 4 in Invocations
  5642 | D:7      | Learned a level 2 spell: Passwall
  5734 | D:7      | Reached XP level 9. HP: 62/65 MP: 16/16
  6193 | D:8      | Reached skill level 5 in Invocations
  6195 | D:8      | Reached skill level 5 in Spellcasting
  6628 | D:8      | Found an ornate altar of the Wu Jian Council.
  6754 | D:8      | Reached skill level 5 in Dodging
  6754 | D:8      | Reached skill level 6 in Invocations
  7059 | D:8      | Found Unexiyth's Lightly-Used Armoury.
  7063 | D:8      | Bought a -3 quick blade for 1 gold piece
  7146 | D:8      | Found a burning altar of Makhleb.
  7201 | D:8      | Reached skill level 5 in Fighting
  7410 | D:8      | Found an opulent altar of Gozag.
  7607 | D:9      | Reached ** piety under Sif Muna
  7627 | D:9      | Identified the +10 flail "Xeps" {heavy, *Rage rPois rC+
                  | Int+3}
  7698 | D:9      | Identified the +1 scale mail "Rogoggeu" {rElec rPois rF+
                  | Str+2}
  7698 | D:9      | Noticed a troll
  7726 | D:9      | Killed a troll
  7727 | D:9      | Reached skill level 7 in Invocations
  7763 | D:9      | Noticed Erica
  7778 | D:9      | Slain by Erica

Illustrated notes

Levels and vault maps discovered:
D:1:      wheals_arrival_shading, layout_rooms, basic_ecumenical_altar
D:2:      layout_loops_ring, columned_hall_lemuel
D:3:      layout_basic, mainiacjoe_overflow_paths, minmay_door_square,
          nicolae_wormholes
D:4:      layout_loops_ring, grunt_temple_overflow_diamond,
          nicolae_ru_awakened_eye, vehumet_crystals, temple_fountains,
          minmay_misc_feat_room, minmay_misc_feat_tiny, uniq_duvessa
D:5:      layout_gridville, mainiacjoe_overflow_catwalk
D:6:      layout_cave_pods, led_xom_imps, minmay_guarded_unrand_staff_of_olgreb,
          uniq_menkaure
D:7:      layout_cave_pools, mainiacjoe_overflow_surrounded_room
D:8:      layout_loops_ring, lemuel_round_altar, nicolae_overflow_hidden_temple,
          amcnicky_altar_gilded, minmay_shop_damaged, kennysheep_generic_room_13
D:9:      layout_loops_cross, nicolae_tso_swordbearing_angel,
          mainiacjoe_overflow_tiny_flanked, uniq_erica
Temple:   corrupted_temple

Skill      XL: |  1  2  3  4  5  6  7  8  9 |
---------------+----------------------------+-----
Transmutations | 1 2 |  2.0
Poison Magic   | 4 5 |  5.9
Conjurations   | 1 2 3 |  3.0
Air Magic      | 1 2 3 |  3.9
Fighting       | 1 4 5 |  5.6
Dodging        | 2 4 5 |  5.5
Spellcasting   | 3 4 6 |  6.0
Invocations    | 1 4 7 |  7.0
Stealth        | |  1.7

Action                     |  1- 3 |  4- 6 |  7- 9 || total
---------------------------+-------+-------+-------++-------
  Melee: Dagger            |     9 |     3 |       ||    12
         Trident           |       |     3 |    88 ||    91
         Touch             |       |     1 |    21 ||    22
         Punch             |       |       |     2 ||     2
  Throw: Javelin           |    24 |     1 |       ||    25
         Stone             |     5 |     2 |       ||     7
         Boomerang         |       |       |     2 ||     2
   Cast: Sting             |    70 |    64 |    54 ||   188
         Mephitic Cloud    |       |     2 |     1 ||     3
         Shock             |       |       |    44 ||    44
         Olgreb's Toxic Ra |       |       |    33 ||    33
  Evoke: Wand              |       |     6 |     3 ||     9
    Use: Scroll            |     9 |     1 |     8 ||    18
         Potion            |       |     1 |     4 ||     5
   Stab: Sleeping          |       |       |     1 ||     1
 Armour: Robe              |     7 |     8 |    19 ||    34
         Steam dragon scal |       |       |    13 ||    13
  Dodge: Dodged            |    19 |    24 |    98 ||   141

Table legend: (Time is in decaauts)
 A = Elapsed time spent in this place.
 B = Non-inter-level travel time spent in this place.
 C = Inter-level travel time spent in this place.
 D = Time resting spent in this place.
 E = Time spent auto-exploring this place.
 F = Levels seen in this place.
 G = Mean time per level.
                   A        B        C        D        E       F      G
               +--------+--------+--------+--------+--------+-----+--------+
         Total |   7843 |   7672 |    171 |   1537 |   4829 |  10 |  784.3 |
       Dungeon |   7785 |   7627 |    158 |   1537 |   4801 |   9 |  865.0 |
        Temple |     57 |     44 |     13 |      0 |     28 |   1 |   57.0 |
               +--------+--------+--------+--------+--------+-----+--------+

Top non-repeatable levels by time:
     D:6: 1349 daAuts
     D:4: 1240 daAuts
     D:8: 1201 daAuts
     D:7: 1113 daAuts
     D:1: 919 daAuts
     D:2: 855 daAuts
     D:3: 763 daAuts
     D:9: 248 daAuts
     D:5: 94 daAuts
  Temple: 57 daAuts
